Cool Beans, neutral female sylph Wizard #` ----# ..|# ------------ ..|# #.....<.....| .|# #|..........| .|# ##...........| .|# # --------.--- .|[## .|# -.|# |.|########### |.|# -.---- -+--- - -----.|# |..........| +....a.@|# |..........| |....G@G-# |..........| -....a{o| ------------ ..@........| ------------- Cool Beans the Conjurer Experience level: 4 Strength: 8 Dexterity: 12 Constitution: 14 Intelligence: 18 Wisdom: 18 Charisma: 8 Health: 0(28) Energy: 34(69) Def: 1 Gold: 271 Moves: 2441 Dungeon seed: 8bR25vjLizoewbAR Game ID: Cool Beans_1516643265 Your Inventory: Coins $ - 271 gold pieces Weapons a - a blessed +1 quarterstaff (weapon in hands) Armor e - an uncursed +0 cloak of magic resistance (being worn) Comestibles P - an uncursed melon Scrolls i - an uncursed scroll of scare monster I - an uncursed scroll of destroy armor M - an uncursed scroll of scare monster Spellbooks b - a blessed spellbook of force bolt c - an uncursed spellbook of detect unseen t - an uncursed spellbook of haste self v - an uncursed spellbook of charm monster L - an uncursed spellbook of confuse monster Potions f - an uncursed potion of gain energy g - an uncursed potion of healing u - an uncursed potion of oil H - a cursed potion of gain energy O - an uncursed potion of hallucination Wands d - an uncursed wand of nothing (0:4) J - a blessed wand of lightning (0:4) Tools o - an uncursed magic marker (0:55) s - an uncursed towel K - an uncursed skeleton key Gems n - an uncursed jet y - 2 uncursed rocks (in quiver) Spells and supernatural/magical abilities: Name Level Category Fail Memory a - force bolt 1 attack 0% 88% e - charm monster 5 enchantment 75% 94% u - confuse monster 2 enchantment 0% 97% H - haste self 3 escape 63% 93% U - detect unseen 3 divination 63% 88% W - pray for help -- divine ? -- Your skills at the end: Miscellaneous Skills wands [Basic] Weapon Skills quarterstaff [Basic] Spellcasting Skills attack spells [Basic] enchantment spells [Basic] Final Attributes: You were devoutly aligned. You were magic-protected. Your writing hand was a little cramped from use. You saw invisible. You were very stealthy. You were protected from shape changers. You are dead. Vanquished creatures: a gnome lord a floating eye a kitten 6 dwarves an iguana a hill orc a rabid rat a gas spore 2 hobbits a gecko 2 hobgoblins a yellow mold a red mold 11 gnomes a garter snake 3 jackals 2 newts a goblin 3 sewer rats 6 grid bugs 2 lichens a kobold zombie 50 creatures vanquished. Voluntary challenges: You followed a strict vegan diet. You did not adorn yourself with jewelry or accessories. You did not cause conflict. You were not invisible. You did not have reflection. You were not displaced. You had been an atheist until turn 2193. You used a wielded weapon 18 times, starting on turn 62. You did not use tools. You did not use plumbed fixtures. You did not drink any magical draughts. You read items or engraved 32 times, starting on turn 978. You never genocided any monsters. You never polymorphed an object. You never changed form. You used no wishes. You never split a pudding. You wrote Elbereth's name 2 times, starting on turn 1654. You never violated your personal moral code. Dungeon overview: The Dungeons of Doom: levels 1 to 3 Level 1 a long staircase Level 2 a general store, a fountain Level 3 a scroll shop, a fountain stairs to The Gnomish Mines The Gnomish Mines: levels 4 to 6 Level 4 stairs to The Dungeons of Doom Level 5 Level 6 <- You were here a fountain History has recorded: On T:1 you entered the Dungeons of Doom to retrieve the Amulet of Yendor! On T:159 you reached level 2 of The Dungeons of Doom. On T:893 you reached level 3 of The Dungeons of Doom. On T:1208 you advanced to experience level 2. On T:1592 you reached level 1 of The Gnomish Mines. On T:1596 you advanced to experience level 3. On T:1697 you advanced to experience level 4. On T:1972 you reached level 2 of The Gnomish Mines. On T:2193 you prayed to Thoth. On T:2242 you reached level 3 of The Gnomish Mines. Score breakdown: Gold: 271 ( 27 points) Experience: 4 levels ( 300 points) Exploration: 6 levels ( 150 points) Discoveries: 13 items ( 650 points) Variety of kills: 22 monsters ( 1100 points) Major goal: (nothing yet) ( 0 points) Survival: died (score multiplied by 3) Total score: 6681 Latest messages: You displace your garter snake. You displace your hill orc. You see a door open. You displace your gnome lord. The gnome lord wields a bow! The bow grows roots right in to the gnome lord's hand! You displace your gnome lord. The hill orc throws a dart! The dart hits the soldier ant. The gnome lord swings his bow at you. The gnome lord misses. The fire ant bites! (2x) The fire ant bites! (2x) The gnome lord swings his bow at you. The gnome lord misses. You fail to cast the spell correctly. The fire ant bites! (2x) The soldier ant bites! The soldier ant stings! You die... Final status: Goodbye Cool Beans the Wizard, killed by a soldier ant... You died in The Gnomish Mines on dungeon level 6 with 6681 points, and 271 pieces of gold, after 2441 moves. You were level 4 with a maximum of 28 hit points when you died.